 Dungeon Crawl Stone Soup version 0.27-a0-789-g6bb3289e1e (webtiles) character file.

Game seed: 1840844060282046496

139 Zdeegee the Skirmisher (level 5, 0/47 HPs)
             Began as a Minotaur Fighter on Mar 26, 2021.
             Was an Initiate of Ashenzari.
             Succumbed to an orc's poison
             ... on level 3 of the Dungeon.
             The game lasted 00:02:05 (2684 turns).

Zdeegee the Skirmisher (Minotaur Fighter)           Turns: 2684, Time: 00:02:05

Health: 0/47       AC:  8    Str: 22    XL:     5   Next: 1%
Magic:  4/4        EV:  7    Int:  5    God:    Ashenzari [......]
Gold:   39         SH:  9    Dex:  9    Spells: 4/4 levels left

rFire    . . .     SeeInvis .   a - +0 war axe
rCold    . . .     Faith    .   c - +0 kite shield
rNeg     . . .     Spirit   .   b - +0 scale mail
rPois    .         Reflect  .   (helmet restricted)
rElec    .         Harm     .   g - +0 cloak
rCorr    .         Rampage  .   (no gloves)
Will     .....                  (no boots)
Stlth    ..........             (no amulet)
HPRegen  0.15/turn              (no ring)
MPRegen  0.09/turn              (no ring)

@: lethally poisoned (0 -> -24)
A: horns 2, retaliatory headbutt
a: Renounce Religion


You were on level 3 of the Dungeon.
You worshipped Ashenzari.
Ashenzari was noncommittal.
You visited 1 branch of the dungeon, and saw 3 of its levels.

You collected 39 gold pieces.

Inventory:

Hand Weapons
 a - a +0 war axe (weapon)
Armour
 b - a +0 scale mail (worn)
 c - a +0 kite shield (worn)
 g - a +0 cloak (worn)
Jewellery
 k - a ring of ice
Scrolls
 f - a scroll of torment
 h - 2 scrolls of identify
 l - a scroll of blinking
 m - 2 scrolls of teleportation
Potions
 d - a potion of might
 e - a potion of resistance
 i - a potion of degeneration
 j - a potion of attraction


   Skills:
 + Level 4.9 Fighting
 + Level 3.5 Axes
 + Level 4.4 Armour
 + Level 0.5 Dodging
 + Level 4.6 Shields


You had 4 spell levels left.
You didn't know any spells.
Your spell library was empty.

Dungeon Overview and Level Annotations

Branches:
Dungeon (3/15)

Altars:
Ashenzari
Yredelemnul

Annotations:
D:3 3 runed translucent doors, bilbop's ghost, amateur HOMo


Innate Abilities, Weirdness & Mutations

You have a pair of horns on your head.
You reflexively headbutt those who attack you in melee.


Message History

You slash the orc!
You kill the orc!
You slash the adder! You hit the orc.
You feel extremely sick. The adder barely misses you.
You block the orc's attack.
Unknown command.
You closely miss the adder. Your headbutt misses the adder.
The adder is severely wounded.
You hit the orc.
You feel sick. You block the adder's attack. The adder bites you.
The orc closely misses you. The orc hits you but does no damage.
Unknown command.
You miss the adder.
The adder is severely wounded.
You barely miss the orc. You hit the orc.
You feel sick.
You are no longer poisoned.
The adder barely misses you. The adder bites you but does no damage.
The orc hits you but does no damage.
You are poisoned.
You block the orc's attack.
You hit the adder.
You kill the adder!
You closely miss the orc.
Your shield and scale mail prevent you from hitting the orc.
You feel very sick. The orc hits you but does no damage.
You are more poisoned.
The orc hits you but does no damage.
The orc hits you with a +0 whip of venom.
You are lethally poisoned!
The orc hits you but does no damage.
You have reached level 5!
You are too injured to fight recklessly!
Unknown command.
Unknown command.
You are too injured to fight recklessly!
Unknown command.
You are too injured to fight recklessly!
You are too injured to fight recklessly!
You die...

.... #.........#
.... #.........#
.....#.......>.##
.....#..........
..............#
#............#
#.....oo.....#
#....).@.....##
####.###......#
#^#.#......#
#.#.#......#
#.#.+......#
#.#.#......#
#.#.'......#
#######.###......#
#................#


You could see 2 orcs.

Vanquished Creatures
  Jessica (D:2)
  An orc wizard (D:3)
  3 adders
  A worm (D:2)
  2 dart slugs
  5 orcs (D:3)
  4 endoplasms
  2 giant cockroaches
  5 goblins
  7 hobgoblins
  A quokka (D:1)
  2 ball pythons
  3 bats
  6 frilled lizards
  6 kobolds
  2 rats
51 creatures vanquished.

Notes
Turn   | Place    | Note
-------+----------+-------------------------------------------
     0 | D:1      | Zdeegee the Minotaur Fighter began the quest for the Orb.
     0 | D:1      | Reached XP level 1. HP: 19/19 MP: 0/0
    31 | D:1      | You fall into a shaft and drop 1 floor!
    42 | D:2      | Reached XP level 2. HP: 28/28 MP: 1/1
   191 | D:2      | Found a basalt altar of Yredelemnul.
   487 | D:2      | Noticed Jessica
   492 | D:2      | Killed Jessica
   493 | D:2      | Reached XP level 3. HP: 34/34 MP: 2/2
  1779 | D:1      | Reached XP level 4. HP: 41/41 MP: 3/3
  2062 | D:1      | You fall into a shaft and drop 1 floor!
  2541 | D:3      | Found a broken altar of Ashenzari.
  2591 | D:3      | Became a worshipper of Ashenzari the Shackled
  2600 | D:3      | Noticed bilbop's ghost (amateur HOMo)
  2613 | D:3      | Found a runed translucent gate.
  2613 | D:3      | Found a runed translucent gate.
  2613 | D:3      | Found a runed translucent gate.
  2684 | D:3      | Reached XP level 5. HP: 16/47 MP: 4/4
  2684 | D:3      | Succumbed to an orc's poison

Illustrated notes

Levels and vault maps discovered:
D:1:      dpeg_arrival_orchard, layout_loops_ring
D:2:      layout_basic, old_standard_altar, serial_rivers,
          chequers_serial_rivers_micro_a, chequers_serial_rivers_large_b,
          chequers_serial_rivers_room_b, chequers_serial_rivers_room_b,
          chequers_serial_rivers_micro_e, chequers_serial_rivers_micro_b,
          uniq_jessica
D:3:      layout_basic, nicolae_overflow_crystal_walls, gammafunk_ghost_split

Skill      XL: |  1  2  3  4 |
---------------+-------------+-----
Fighting       | 4 |  4.9
Shields        | 4 |  4.6
Armour         | 4 |  4.4
Axes           | 3 |  3.5
Dodging        | |  0.5

Action                   |  1- 3 |  4- 6 || total
-------------------------+-------+-------++-------
Melee: War axe           |    50 |    65 ||   115
       Headbutt          |     8 |     4 ||    12
Armor: Scale mail        |    30 |    40 ||    70
Dodge: Dodged            |    11 |    25 ||    36
Block: Kite shield       |    23 |    45 ||    68

Table legend: (Time is in decaauts)
 A = Elapsed time spent in this place.
 B = Non-inter-level travel time spent in this place.
 C = Inter-level travel time spent in this place.
 D = Time resting spent in this place.
 E = Time spent auto-exploring this place.
 F = Levels seen in this place.
 G = Mean time per level.
                   A        B        C        D        E       F      G
               +--------+--------+--------+--------+--------+-----+--------+
         Total |   2828 |   2594 |    234 |    185 |   2087 |   3 |  942.7 |
       Dungeon |   2828 |   2594 |    234 |    185 |   2087 |   3 |  942.7 |
               +--------+--------+--------+--------+--------+-----+--------+

Top non-repeatable levels by time:
     D:2: 1911 daAuts
     D:1: 679 daAuts
     D:3: 237 daAuts
